[Event "GrandPrix_30.05"]
[Site "Chess.com"]
[Date "2020.05.30"]
[Round "6"]
[White "NikolaGry"]
[Black "Tesla37"]
[Result "0-1"]
[WhiteElo "2197"]
[BlackElo "2742"]
[TimeControl "600+2"]
[EndTime "10:53:32 PDT"]
[Termination "Tesla37 won by resignation"]

1. d4 Nf6 2. Nf3 d6 3. c3 Nbd7 4. Bf4 g6 5. h3 Bg7 6. e3 O-O 7. Be2 Qe8 8. O-O e5 9. Bh2 Qe7 10. a4 Re8 11. Na3 e4 12. Nd2 Nf8 13. a5 a6 14. b4 h5 15. c4 N8h7 16. Re1 Ng5 17. Bf1 Bf5 18. b5 axb5 19. Nxb5 Qd7 20. c5 Bf8 21. cxd6 cxd6 22. Qb3 Be6 23. Qa4 Rec8 24. Rec1 Rc6 25. h4 Ngh7 26. Nc3 Qc7 27. Nb5 Qxa5 28. Qxa5 Rxa5 29. Rxa5 Rxc1 30. Bxd6 Rd1 31. Ra8 Rxd2 0-1

[Event "GrandPrix_30.05"]
[Site "Chess.com"]
[Date "2020.05.30"]
[Round "6"]
[White "Lion_DL"]
[Black "DinaBelenkaya"]
[Result "1-0"]
[WhiteElo "2129"]
[BlackElo "1635"]
[TimeControl "600+2"]
[EndTime "10:53:36 PDT"]
[Termination "Lion_DL won by resignation"]

1. e4 d5 2. exd5 Qxd5 3. Nc3 Qa5 4. Bc4 Nf6 5. d3 Bg4 6. f3 Bd7 7. Bd2 Qb6 8. Qe2 e6 9. O-O-O Bc5 10.
f4 Kf8 11. Nf3 a5 12. d4 Bb4 13. d5 exd5 14. Nxd5 Nxd5 15. Bxd5 Bb5 16. Bc4 Bxc4 17. Qxc4 Nc6 18. Ng5 Ne5 19. fxe5 Qg6 20. Rhf1 Bxd2+ 21. Rxd2 f6 22. Ne6+ Ke7 23. exf6+ gxf6 24. Qxc7+ Kxe6 25. Re2+ Kd5 26. Rd1+ 1-0

[Event "GrandPrix_30.05"]
[Site "Chess.com"]
[Date "2020.05.30"]
[Round "6"]
[White "Olga_Girya"]
[Black "Baron_von_Koenig"]
[Result "0-1"]
[WhiteElo "2213"]
[BlackElo "2165"]
[TimeControl "600+2"]
[EndTime "10:53:40 PDT"]
[Termination "Baron_von_Koenig won by resignation"]

1. d4 Nc6 2. c4 e5 3. dxe5 Nxe5 4. e4 Qh4 5. Qd4 Nc6 6. Qe3 Nf6 7. Nc3 Bb4 8. Bd2 Bxc3 9. Bxc3 Qxe4 10. Qxe4+ Nxe4 11. Bxg7 Rg8 12. Bh6 Nb4 13. f3 Nc2+ 14.
Kd1 Nxa1 15. fxe4 Rg6 16. Bd2 Ra6 17. a3 Nb3 18. Bc3 c5 19. Kc2 Nd4+ 20. Bxd4 cxd4 21. Nf3 Rf6 22. Kd3 d6 23. Kxd4 Bg4 24. Be2 O-O-O 25. h3 Bh5 26. Re1 Re8 27. Ng5 Bxe2 28. Rxe2 h6 29.
Nf3 Rf4 30. Kd5 Kd7 31. b4 b6 32. c5 bxc5 33. bxc5 dxc5 34. Ne5+ Kc7 35. Rc2 Rd8+ 36.
Kxc5 Rxe4 37. Nxf7 Rd7 38. Nxh6 Rd6 39. Kb5+ Kb7 40.
Nf7 Rd5+ 41. Rc5 a6+ 0-1

[Event "GrandPrix_30.05"]
[Site "Chess.com"]
[Date "2020.05.30"]
[Round "6"]
[White "A_N_D-R_E_I"]
[Black "ZEN-22"]
[Result "1-0"]
[WhiteElo "2117"]
[BlackElo "2157"]
[TimeControl "600+2"]
[EndTime "10:53:56 PDT"]
[Termination "A_N_D-R_E_I won by resignation"]

1. e4 e6 2. d4 c5 3. Nf3 cxd4 4. Nxd4 Nf6 5. Nc3 Bb4 6. Nb5 O-O 7. a3 Bxc3+ 8.
Nxc3 d5 9. Bd3 Nc6 10. O-O h6 11. Re1 dxe4 12. Nxe4 Ne5 13. Nc5 Nxd3 14. Nxd3 b6 15. Qf3 Rb8 16. Qg3 Ba6 17. Bxh6 Nh5 18. Qg4 Bxd3 19. cxd3 Qd5 20. Bg5 g6 21. d4 Rbc8 22. Re5 Qc4 23. Rae1 Kg7 24. Bh4 Rh8 25. h3 Rc7 26.
Rd1 Rd7 27. Kh2 Rd5 28. Rxd5 Qxd5 29. Rc1 Qd6+ 30. Kg1 Qf4 31. Bg5 Qd6 32. b4 Rf8 33. h4 Re8 34. Be3 Re7 35. Qg5 f6 36. Qh6+ Kf7 37.
Qh7+ Kf8 38. Bh6+ Ke8 39. Qxg6+ Kd7 40. Qxh5 e5 41. dxe5 Rxe5 42. Qg4+ Re6 43. Rd1 f5 44. Rxd6+ 1-0

[Event "GrandPrix_30.05"]
[Site "Chess.com"]
[Date "2020.05.30"]
[Round "6"]
[White "Thor736"]
[Black "Bengalas"]
[Result "1-0"]
[WhiteElo "2111"]
[BlackElo "2139"]
[TimeControl "600+2"]
[EndTime "10:54:05 PDT"]
[Termination "Thor736 won by resignation"]

1. e4 c5 2. Nf3 e6 3. d4 cxd4 4.
Nxd4 Nc6 5. Nc3 Qc7 6. f4 a6 7.
Nxc6 bxc6 8. Bd3 d5 9. O-O Nf6 10. Qe2 Be7 11. Bd2 g6 12. Rae1 O-O 13. Kh1 Bb7 14. e5 Nd7 15. Na4 c5 16. c4 Nb6 17.
Ba5 Qc6 18. Nxb6 Bd8 19. cxd5 exd5 20. Nxa8 Bxa5 21. Rc1 Rxa8 22. b3 Re8 23. a3 Bd8 24. Qc2 Be7 25. f5 Bf8 26. e6 fxe6 27. fxg6 h6 28. Qf2 Kh8 29. Qf7 Bg7 30. Rxc5 1-0

[Event "GrandPrix_30.05"]
[Site "Chess.com"]
[Date "2020.05.30"]
[Round "6"]
[White "Jaka_Brilej"]
[Black "wnstop"]
[Result "1/2-1/2"]
[WhiteElo "2140"]
[BlackElo "2248"]
[TimeControl "600+2"]
[EndTime "10:54:09 PDT"]
[Termination "Game drawn by repetition"]

1. e4 c5 2. Nf3 Nc6 3. d4 cxd4 4. Nxd4 e5 5. Nb5 d6 6. N1c3 a6 7. Na3 Be6 8. Nc4 b5 9. Ne3 Nf6 10. Bd3 g6 11. O-O Bg7 12. a4 b4 13. Ncd5 O-O 14. Nxf6+ Bxf6 15. Bc4 a5 16. Nd5 Bg5 17. Be3 Bxe3 18. Nxe3 Rc8 19. Bxe6 fxe6 20. c3 bxc3 21. bxc3 Nb8 22. Qb3 Re8 23. Rfd1 Qc7 24. Rac1 Nd7 25. h4 Nc5 26. Qc2 Qc6 27. Ng4 Rf8 28. f3 Nxa4 29. Qd2 Nxc3 30. Kh2 d5 31. Qg5 Qc7 32. h5 Qd8 33.
Qxe5 Qh4+ 34. Kg1 Ne2+ 35. Kf1 Ng3+ 36. Kg1 Ne2+ 37. Kf1 Ng3+ 38. Kg1 Ne2+ 1/2-1/2

[Event "GrandPrix_30.05"]
[Site "Chess.com"]
[Date "2020.05.30"]
[Round "6"]
[White "OK97"]
[Black "Forking_U"]
[Result "1-0"]
[WhiteElo "2314"]
[BlackElo "2134"]
[TimeControl "600+2"]
[EndTime "10:54:14 PDT"]
[Termination "OK97 won by resignation"]

1. e4 e5 2. Nf3 Nc6 3. Bb5 Nf6 4. O-O Nxe4 5. d4 Nd6 6. dxe5 Nxb5 7. a4 Nbd4 8. Nxd4 Nxd4 9. Qxd4 d5 10. Qd3 c6 11. a5 Qd7 12. Be3 Qf5 13. Qc3 Qg6 14. f4 Bf5 15. Bc5 Bxc2 16. Bxf8 Kxf8 17. Qb4+ Kg8 18.
Qxb7 Re8 19. Nd2 Bd3 20. Rfc1 Bb5 21. Qxa7 h5 22. Qd4 f6 23. a6 Kh7 24. a7 fxe5 25. fxe5 Rhf8 26. Re1 Ra8 27. e6 Rfe8 28. Nf3 Kg8 29.
e7 Qf6 30. Qe3 h4 31. h3 g6 32. Nd4 1-0

[Event "GrandPrix_30.05"]
[Site "Chess.com"]
[Date "2020.05.30"]
[Round "6"]
[White "chessdjw"]
[Black "Yuri202062"]
[Result "1/2-1/2"]
[WhiteElo "2140"]
[BlackElo "2031"]
[TimeControl "600+2"]
[EndTime "10:54:17 PDT"]
[Termination "Game drawn by agreement"]

1. e4 c5 2. Nf3 d6 3. Bb5+ Bd7 4. c4 Nf6 5. Nc3 g6 6. d4 cxd4 7. Nxd4 Bg7 8. Be3 O-O 9. Bxd7 Qxd7 10. h3 Rc8 11. b3 Nc6 12. Rc1 Qd8 13. O-O a6 14. Qd2 Qa5 15. Rfd1 b5 16. cxb5 Nxd4 17. Bxd4 axb5 18.
Bxf6 Bxf6 19. Nd5 Qxd2 20. Rxc8+ Rxc8 21. Nxf6+ Kg7 22. Nh5+ gxh5 23. Rxd2 b4 24. Rd4 Rc2 25. Rxb4 Rxa2 26. h4 Kg6 27. Rb5 Rb2 28. f3 f6 29.
Kh2 e5 30. Rb6 Rd2 31. b4 d5 32. exd5 Rxd5 33. Kg3 Rd2 34. b5 Rb2 35. Rb7 Rb4 36. b6 Rb2 37. Rb8 Kg7 38. Kh2 Rb1 39. b7 f5 40. g3 e4 41. fxe4 fxe4 42. Kg2 Rb2+ 43. Kf1 e3 44. Ke1 e2 45. Kf2 h6 46.
Ke1 Kh7 47. Kf2 Kg7 48. Re8 Rxb7 49. Rxe2 Rb3 50. Re5 Kg6 51. Re6+ Kg7 52. Ra6 1/2-1/2

[Event "GrandPrix_30.05"]
[Site "Chess.com"]
[Date "2020.05.30"]
[Round "6"]
[White "Bosiocic"]
[Black "Kobalia"]
[Result "0-1"]
[WhiteElo "2640"]
[BlackElo "2465"]
[TimeControl "600+2"]
[EndTime "10:54:32 PDT"]
[Termination "Kobalia won on time"]

1. d4 d5 2. Bf4 c5 3. e3 Nc6 4. Nc3 cxd4 5. exd4 a6 6. Bd3 Nf6 7. Nge2 Bg4 8. f3 Bh5 9. Qd2 Bg6 10. Nd1 Bxd3 11.
Qxd3 e6 12. c3 Bd6 13. Bg5 O-O 14. O-O b5 15. f4 b4 16. Ne3 bxc3 17. bxc3 Be7 18.
Bxf6 Bxf6 19. Ng4 h5 20. Ne5 Qc7 21. Rf3 Ne7 22. Rh3 g6 23. Ng3 h4 24. Ne2 Nf5 25.
g4 hxg3 26. hxg3 Kg7 27. g4 Nd6 28. Kg2 Rh8 29. Rah1 Ne4 30. Qf3 Qb7 31. g5 Bxe5 32. fxe5 Rag8 33. c4 Qb2 34. cxd5 Rxh3 35. Rxh3 exd5 36.
Rh4 Qd2 37. Rg4 Rc8 38. Rf4 Nxg5 39. Qf2 Rc2 0-1

[Event "GrandPrix_30.05"]
[Site "Chess.com"]
[Date "2020.05.30"]
[Round "6"]
[White "GM_dmitrij"]
[Black "Nikame"]
[Result "1-0"]
[WhiteElo "2461"]
[BlackElo "2258"]
[TimeControl "600+2"]
[EndTime "10:54:41 PDT"]
[Termination "GM_dmitrij won by resignation"]

1. e4 d6 2. d4 Nf6 3. Nc3 e5 4. Nge2 Nc6 5. h3 exd4 6. Nxd4 g6 7. g4 Bg7 8. Bg2 O-O 9. Nde2 Re8 10. O-O h5 11. g5 Nd7 12. f4 Nc5 13. Be3 Bd7 14. Qd2 Qc8 15. Kh2 Rb8 16. Rad1 Be6 17. Nd4 Bc4 18. Rfe1 a5 19. b3 Ba6 20. Nxc6 bxc6 21.
Bxc5 dxc5 22. e5 c4 23. Bxc6 Rd8 24. Qxd8+ Qxd8 25. Rxd8+ Rxd8 26. Nd5 Bf8 27. Kg3 Kg7 28. e6 fxe6 29. Nxc7 Bb4 30. Rxe6 cxb3 31. axb3 Bc8 32. Be4 Be1+ 33. Kf3 Rd2 34. Rxg6+ Kf7 35. Rf6+ Ke7 36. Nd5+ Ke8 37. g6 Bxh3 38. g7 Bg4+ 39. Ke3 Re2+ 40. Kd4 Bf2+ 41. Ke5 Be6 42. Rxe6+ Kf7 43.
Re7+ 1-0

[Event "GrandPrix_30.05"]
[Site "Chess.com"]
[Date "2020.05.30"]
[Round "6"]
[White "ulkaf961"]
[Black "MAS_1704"]
[Result "1/2-1/2"]
[WhiteElo "1966"]
[BlackElo "2051"]
[TimeControl "600+2"]
[EndTime "10:54:49 PDT"]
[Termination "Game drawn by repetition"]

1. e4 g6 2. d4 Bg7 3. Nc3 d6 4. Be3 Nc6 5. h3 e5 6. d5 Nce7 7. Qd2 f5 8. f4 exf4 9. Bxf4 fxe4 10. O-O-O Nf6 11. g4 O-O 12. Bg2 b5 13. Nxe4 Nfxd5 14. Bg5 Be6 15. Ng3 c6 16. Re1 Be5 17. Nf3 Bxg3 18.
Rxe6 Bf4 19. Bxf4 Nxf4 20. Rxd6 Qb6 21. Re1 Ned5 22. Ng5 Nxg2 23. Qxg2 Qc5 24. Rd7 Rf2 25. Qe4 Nf6 26. Qe6+ Kh8 27. Nf7+ Kg8 28. Nd8+ Kh8 29.
Nf7+ Kg8 30. Ne5+ Kh8 31. Nf7+ 1/2-1/2

[Event "GrandPrix_30.05"]
[Site "Chess.com"]
[Date "2020.05.30"]
[Round "6"]
[White "ninullia"]
[Black "Valeriy_Neverov"]
[Result "1-0"]
[WhiteElo "2264"]
[BlackElo "2089"]
[TimeControl "600+2"]
[EndTime "10:54:56 PDT"]
[Termination "ninullia won on time"]

1. d4 f5 2. Nc3 Nf6 3. Bg5 d5 4. Bxf6 exf6 5. e3 c6 6. Bd3 Be6 7. Qf3 g6 8. h3 Nd7 9. Nge2 Qb6 10. O-O-O O-O-O 11. g4 fxg4 12. hxg4 Bf7 13. Rh3 h6 14. Rdh1 Rg8 15. Kb1 Kb8 16. Na4 Qc7 17. Nc1 b5 18.
Nc3 a5 19. a4 b4 20. N3e2 Nb6 21.
Qxf6 Bg7 22. Qf4 Nxa4 23. Nb3 g5 24. Qxc7+ Kxc7 25. Nxa5 c5 26. dxc5 Nxc5 27. Nd4 Nxd3 28.
cxd3 Bxd4 29. exd4 Bg6 30. Nb3 Rdf8 31. R1h2 Rf4 32.
Nc5 Rxg4 33. Kc2 Kd6 34. Rxh6 Rxd4 35. Nb3 Rf4 36. Kd2 Ke7 37. R6h3 Kf6 38. Re3 Rc8 39. f3 d4 40. Ree2 Rxf3 41. Ref2 Rxf2+ 42. Rxf2+ Ke5 43. Re2+ Kf6 44. Nxd4 Rd8 45. Rf2+ Kg7 46. Ne6+ 1-0

[Event "GrandPrix_30.05"]
[Site "Chess.com"]
[Date "2020.05.30"]
[Round "6"]
[White "AsadliVugar"]
[Black "GeorgMeier"]
[Result "1-0"]
[WhiteElo "2576"]
[BlackElo "2623"]
[TimeControl "600+2"]
[EndTime "10:54:57 PDT"]
[Termination "AsadliVugar won by resignation"]

1. e4 e6 2. d4 d5 3. Nd2 dxe4 4. Nxe4 Nd7 5. Nf3 Ngf6 6. Bd3 c5 7. O-O Nxe4 8. Bxe4 Nf6 9. Bg5 cxd4 10. Nxd4 Be7 11.
Bd3 O-O 12. Re1 Qd5 13. Nf3 Rd8 14. Qe2 h6 15. Bh4 Bd7 16. Ne5 Bc6 17. Nxc6 Qxc6 18. a4 a5 19. Bb5 Qc7 20. Rad1 Rac8 21. c3 Kf8 22. Rxd8+ Rxd8 23. Rd1 b6 24. Rxd8+ Qxd8 25. Qd3 Qxd3 26. Bxd3 Nh5 27. Bxe7+ Kxe7 28. g3 f5 29. Kf1 Nf6 30. Ke2 g6 31. Bc2 Kd6 32. f3 e5 33. Kd3 Kc5 34. Bb3 f4 35. gxf4 exf4 36. Bf7 g5 37. Be6 h5 38. h3 Kd6 39. Bc8 Kd5 40.
b4 Ne8 41. c4+ Kc6 42. bxa5 bxa5 43. Kd4 Nc7 44. c5 Ne8 45. Bf5 Ng7 46. Be4+ Kc7 47. Ke5 Ne8 48. Kf5 Ng7+ 49. Kxg5 Ne6+ 50. Kxh5 Nxc5 51.
Bc2 Kd6 52. Kg5 Ne6+ 53. Kf6 Nd4 54. Bd1 Nc6 55. h4 Kd7 56. h5 Ke8 57. h6 1-0

[Event "GrandPrix_30.05"]
[Site "Chess.com"]
[Date "2020.05.30"]
[Round "6"]
[White "Korchmar_Vasiliy"]
[Black "Kostya_Nikologorskiy"]
[Result "1-0"]
[WhiteElo "2119"]
[BlackElo "2178"]
[TimeControl "600+2"]
[EndTime "10:54:58 PDT"]
[Termination "Korchmar_Vasiliy won by resignation"]

1. d4 Nf6 2. c4 e6 3. g3 b6 4. Bg2 c6 5. Nf3 Bb4+ 6. Nbd2 d5 7. O-O O-O 8. Qc2 Ba6 9. Ne5 Nfd7 10. Ndf3 f6 11.
Nd3 Bd6 12. b3 b5 13. c5 Bc7 14. Nf4 Re8 15. e4 e5 16. dxe5 fxe5 17. exd5 exf4 18.
d6 Ba5 19. b4 Bxb4 20. Qb3+ Kh8 21. Qxb4 Bb7 22. Bxf4 Na6 23. Qb2 Naxc5 24. Bg5 Qa5 25.
Be7 Na4 26. Qd4 c5 27. Qh4 Qb4 28. Qh3 Bc8 29. Qh5 g6 30. Qh6 1-0

[Event "GrandPrix_30.05"]
[Site "Chess.com"]
[Date "2020.05.30"]
[Round "6"]
[White "chansen64"]
[Black "abraham1982"]
[Result "1-0"]
[WhiteElo "2103"]
[BlackElo "2148"]
[TimeControl "600+2"]
[EndTime "10:55:03 PDT"]
[Termination "chansen64 won on time"]

1. d4 Nf6 2. c4 e6 3. Nf3 b6 4.
g3 Ba6 5. Qa4 c5 6. dxc5 Bxc5 7.
Bg2 Bb7 8. O-O O-O 9. Nc3 h6 10. Rd1 Qe7 11. Qc2 d5 12. cxd5 Nxd5 13. Nxd5 Bxd5 14.
a3 a5 15. e4 Bb7 16. Bd2 Nc6 17. Bc3 Rac8 18. Qe2 e5 19. Rd2 Ra8 20. Nh4 g6 21. Rad1 Nd4 22. Bxd4 exd4 23. e5 Bxg2 24. Nxg2 Rfe8 25.
Re1 Rad8 26. Nf4 Kg7 27. h4 Qc7 28. Nd3 a4 29. h5 Qc6 30. hxg6 Qxg6 31. Qf3 Qg5 32.
Rde2 Re6 33. Re4 f5 34. Rh4 Rf8 35. Nf4 1-0

[Event "GrandPrix_30.05"]
[Site "Chess.com"]
[Date "2020.05.30"]
[Round "6"]
[White "Zakaryan_David"]
[Black "EvgenyPigusov"]
[Result "1/2-1/2"]
[WhiteElo "1729"]
[BlackElo "2285"]
[TimeControl "600+2"]
[EndTime "10:55:18 PDT"]
[Termination "Game drawn by repetition"]

1. e4 c5 2. Nc3 Nc6 3. Nf3 g6 4. d4 cxd4 5. Nxd4 Bg7 6. Be3 Nf6 7. Bc4 O-O 8. Bb3 a5 9. a4 Ng4 10. Qxg4 Nxd4 11. Bxd4 Bxd4 12. Qg3 d6 13. O-O-O Bxc3 14. Qxc3 Qb6 15. Qd4 Qc7 16. h4 Be6 17. Bxe6 fxe6 18. h5 Rf6 19. hxg6 Rxg6 20. Rd3 Rc8 21. Rc3 Qd7 22.
Rxc8+ Qxc8 23. e5 Qf8 24. g3 d5 25.
b3 Qf5 26. Rh4 Rg5 27. Qc5 Qxe5 28. Qxe7 h5 29. Qd8+ Kg7 30. Qxa5 Qa1+ 31. Kd2 Re5 32. Qc7+ Kg6 33. Rf4 Rf5 34. Rxf5 Qd4+ 35. Kc1 Qa1+ 36. Kd2 Qd4+ 37. Ke2 Qe4+ 38. Kf1 Qh1+ 39. Ke2 Qe4+ 40. Kd1 Qd4+ 41. Ke1 Qe4+ 42. Kd2 Qd4+ 1/2-1/2

[Event "GrandPrix_30.05"]
[Site "Chess.com"]
[Date "2020.05.30"]
[Round "6"]
[White "Mesropov_Konstantin"]
[Black "FCLitras"]
[Result "0-1"]
[WhiteElo "2277"]
[BlackElo "2213"]
[TimeControl "600+2"]
[EndTime "10:55:21 PDT"]
[Termination "FCLitras won by resignation"]

1. c4 e6 2. Nf3 Nf6 3. Nc3 d5 4.
e3 Be7 5. b3 O-O 6. Bb2 dxc4 7.
bxc4 c5 8. Qc2 Nc6 9. a3 b6 10. Be2 Bb7 11. O-O Qd7 12. Rad1 Rfd8 13. Ng5 h6 14.
Nge4 Ne5 15. d4 cxd4 16. exd4 Ng6 17. d5 exd5 18. Nxf6+ Bxf6 19. Nxd5 Bxb2 20. Qxb2 Bxd5 21. cxd5 Qd6 22. Bb5 Rac8 23. g3 Rc5 24. Bc6 Ne7 25. Qb3 Qc7 26. Rc1 Nxc6 27. Rxc5 bxc5 28. dxc6 Qxc6 29.
Rc1 Rd2 30. Qb8+ Kh7 31. Qxa7 Qd5 32. Qa4 c4 33. h4 Qf5 34. Qa7 Qd3 35. Kg2 Qd5+ 36.
Kh3 Qf3 37. Qe3 Qf5+ 38. Kg2 Rd3 39. Qf4 Qd5+ 40. Kh2 c3 41. a4 Rf3 0-1

[Event "GrandPrix_30.05"]
[Site "Chess.com"]
[Date "2020.05.30"]
[Round "6"]
[White "madamDD"]
[Black "SuperFineHipster"]
[Result "0-1"]
[WhiteElo "2307"]
[BlackElo "2221"]
[TimeControl "600+2"]
[EndTime "10:55:24 PDT"]
[Termination "SuperFineHipster won by checkmate"]

1. e4 c5 2. Nc3 Nc6 3. Bb5 Nd4 4. Nf3 Nxb5 5. Nxb5 d6 6. d4 cxd4 7. Qxd4 Bd7 8. Nc3 e5 9. Qd3 h6 10. Nd2 Nf6 11. Nc4 Be6 12. Ne3 Be7 13. O-O O-O 14. Rd1 Rc8 15. f3 Qb6 16. Kh1 Rfd8 17. a4 Qc6 18. Nb5 Qc5 19. b3 a6 20. Ba3 Qb6 21.
Nc3 Rd7 22. Rd2 Qd4 23. Bb2 Rdc7 24. Qe2 Qb4 25. Na2 Qb6 26. Nc1 Nh5 27. g3 Bg5 28. f4 exf4 29. Nc4 Bxc4 30. Qxh5 fxg3 31. Rg2 Bf1 32.
Rxg3 Rxc2 33. Bxg7 Qf2 34. Bxh6 Bg2+ 35. Rxg2 Qxg2# 0-1

[Event "GrandPrix_30.05"]
[Site "Chess.com"]
[Date "2020.05.30"]
[Round "6"]
[White "GM_LOADING"]
[Black "SavelijTartakover"]
[Result "0-1"]
[WhiteElo "2329"]
[BlackElo "2497"]
[TimeControl "600+2"]
[EndTime "10:55:25 PDT"]
[Termination "SavelijTartakover won by resignation"]

1. e4 e6 2. d4 d5 3. Nc3 Bb4 4. Ne2 Nc6 5. a3 Ba5 6. e5 f6 7. Nf4 fxe5 8. Qh5+ g6 9. Nxg6 Nf6 10. Qh4 exd4 11. Nxh8 dxc3 12. b4 Ke7 13. bxa5 Qxh8 14. Bb5 Bd7 15. O-O Rg8 16. f3 Qg7 17. Qf2 d4 18.
Bf4 Nd5 19. Bg3 Nxa5 20. Bd3 Kd8 21. Rfe1 Nc6 22. Be4 Kc8 23. Rad1 h5 24. Kh1 b6 25.
Bxd5 exd5 26. Re2 Kb7 27. Rde1 Qg6 28. Be5 d3 29. cxd3 Qxd3 30. Re3 Nxe5 31. Rxe5 Ba4 32. R5e3 Qc4 33. Re7 d4 34. Rc1 d3 35. Re4 d2 36.
Rg1 Qd5 37. Rd4 Qc5 38. Rf1 0-1

[Event "GrandPrix_30.05"]
[Site "Chess.com"]
[Date "2020.05.30"]
[Round "6"]
[White "Nitzan_Steinberg"]
[Black "Supernotar"]
[Result "1/2-1/2"]
[WhiteElo "2414"]
[BlackElo "2225"]
[TimeControl "600+2"]
[EndTime "10:55:26 PDT"]
[Termination "Game drawn by agreement"]

1. e4 c6 2. d4 d5 3. e5 Bf5 4. h4 h5 5. Bd3 Bxd3 6. Qxd3 e6 7. Bg5 Qa5+ 8. Nd2 Qa6 9. c4 Bb4 10. b3 Ne7 11. Nf3 Nf5 12. O-O O-O 13. Rfd1 Bxd2 14.
Nxd2 Nd7 15. Nf1 dxc4 16. bxc4 c5 17. dxc5 Nxc5 18. Qe2 g6 19. Bf6 Qc6 20. Ng3 Nxg3 21. fxg3 Ne4 22. Kh2 Nxf6 23. exf6 Rfd8 24. g4 Qc7+ 25.
g3 hxg4 26. Qxg4 Qe5 27. Qf3 1/2-1/2

[Event "GrandPrix_30.05"]
[Site "Chess.com"]
[Date "2020.05.30"]
[Round "6"]
[White "MasterSonnevanck2"]
[Black "caspiwins"]
[Result "0-1"]
[WhiteElo "2144"]
[BlackElo "2302"]
[TimeControl "600+2"]
[EndTime "10:55:27 PDT"]
[Termination "caspiwins won by checkmate"]

1. d4 f5 2. g3 Nf6 3. Bg2 g6 4. Nf3 Bg7 5. O-O O-O 6. c4 d6 7. Nc3 c6 8. d5 e5 9. e4 cxd5 10.
cxd5 Na6 11. exf5 gxf5 12. Ng5 Nc7 13. Qb3 Qe7 14. Bd2 h6 15. Nf3 b6 16. Nh4 Qf7 17. a4 Na6 18. Nb5 Nc5 19. Qa3 Rd8 20. Rac1 a6 21. Nc3 e4 22. Be3 Nxd5 23. Nxd5 Qxd5 24. Ng6 Qf7 25. Nf4 a5 26. Rfd1 Bb7 27. Bf1 Kh7 28. b4 axb4 29. Qxb4 d5 30. Bxc5 bxc5 31. Qxc5 Rxa4 32. Qb6 Rc8 33. Rxc8 Bxc8 34. Nxd5 Be6 35. Nf4 Bb3 36. Rb1 Ba2 37. Rd1 Bb3 38. Rb1 Bc2 39. Rb4 Ra1 40. Qc6 Bd3 41. Nxd3 exd3 42. Rb5 d2 43. Rd5 d1=Q 44. Rd2 Qxf1# 0-1

[Event "GrandPrix_30.05"]
[Site "Chess.com"]
[Date "2020.05.30"]
[Round "6"]
[White "DenLaz"]
[Black "LazovT"]
[Result "1-0"]
[WhiteElo "2559"]
[BlackElo "2268"]
[TimeControl "600+2"]
[EndTime "10:55:29 PDT"]
[Termination "DenLaz won by resignation"]

1. d4 d6 2. Nf3 Nf6 3. c4 g6 4. g3 Bg7 5. Bg2 O-O 6. Nc3 Nc6 7. O-O e5 8. d5 Nb8 9. e4 a5 10. Ne1 Na6 11. a3 Nd7 12. Rb1 f5 13. b4 Nf6 14.
Nd3 Kh8 15. Bd2 fxe4 16. Nxe4 Bg4 17. Qc2 axb4 18. axb4 Nxe4 19. Bxe4 Bf3 20. Rfe1 Qd7 21. Bc3 Qh3 22. Bxf3 Rxf3 23. b5 Nb8 24. Ra1 Rxa1 25. Rxa1 Nd7 26. Ra8+ Rf8 27. Ra7 Nf6 28. f3 Bh6 29.
Qe2 Ng4 30. f4 Bxf4 31. Nxf4 Rxf4 32. gxf4 Qxc3 33. Ra8+ Kg7 34. Qxg4 Qe1+ 35. Kg2 Qd2+ 36. Kh3 exf4 37. Re8 Qc3+ 38. Kg2 Qxc4 39. Qf3 h5 40.
Re4 Qc2+ 41. Qe2 Qc1 42. Rc4 Qa3 43. Rxc7+ Kh6 44. Qf2 Qa4 45. Re7 Kg5 46. h4+ Kg4 47. Re6 Kf5 48. Re8 Qc4 49. Qf3 Qc2+ 50. Re2 Qc4 51.
Qh3+ Kf6 52. Qe6+ Kg7 53. Qe7+ 1-0

[Event "GrandPrix_30.05"]
[Site "Chess.com"]
[Date "2020.05.30"]
[Round "6"]
[White "Kiril1965"]
[Black "arminmusovic"]
[Result "0-1"]
[WhiteElo "2429"]
[BlackElo "2306"]
[TimeControl "600+2"]
[EndTime "10:55:29 PDT"]
[Termination "arminmusovic won by resignation"]

1. d4 d5 2. Bf4 c5 3. e3 Nc6 4. Nc3 a6 5. Nf3 Bg4 6. h3 Bxf3 7. Qxf3 e6 8. O-O-O cxd4 9. exd4 Bb4 10. Kb1 Qa5 11. Ne2 Nf6 12. Bh6 Ne4 13. Bxg7 Rg8 14. Bh6 Bd2 15. Be3 Rc8 16. Qf4 Bxe3 17. Qxe3 Nb4 18. Nc1 Nxc2 19. Qe2 Na3+ 20. Ka1 Nc2+ 21. Kb1 Na3+ 22.
Ka1 Rc2 23. Qe3 Nxf2 24. Be2 Nxd1 25. Rxd1 Rxg2 26. Bh5 Qb6 27. Qxa3 Qxb2+ 28. Qxb2 Rxb2 29. a3 Rbd2 30. Rf1 Rgf2 31. Re1 Ke7 32. Nb3 Ra2+ 33. Kb1 Rab2+ 34. Kc1 Rxb3 35. a4 Rc3+ 36. Kb1 Rc4 37. a5 Rb4+ 38. Kc1 Ra4 39. Kb1 Rxa5 40. Rc1 Rb5+ 41. Ka1 Rbb2 0-1

[Event "GrandPrix_30.05"]
[Site "Chess.com"]
[Date "2020.05.30"]
[Round "6"]
[White "Haykos"]
[Black "KruHor"]
[Result "1/2-1/2"]
[WhiteElo "2281"]
[BlackElo "2451"]
[TimeControl "600+2"]
[EndTime "10:55:34 PDT"]
[Termination "Game drawn by agreement"]

1. e4 c5 2. Nf3 d6 3. Bb5+ Nd7 4.
O-O a6 5. Bxd7+ Bxd7 6. c3 Nf6 7. Re1 e6 8. d4 Be7 9. Bg5 h6 10. Bh4 O-O 11. dxc5 dxc5 12. Ne5 Be8 13. Nd2 Nd7 14. Bxe7 Qxe7 15. Ndc4 Nxe5 16. Nxe5 Qc7 17. Ng4 f6 18.
Ne3 Rd8 19. Qb3 Qc6 20. f3 Bf7 21. Rad1 e5 22. Nd5 Kh8 23. c4 b5 24. Qd3 bxc4 25.
Qxc4 Rd6 26. Rd2 Rfd8 27. Red1 f5 28. b3 fxe4 29. fxe4 a5 30. h3 Bg8 31. Qc3 Bxd5 32. Qxe5 Re8 33. exd5 Rxe5 34. dxc6 Rxc6 35. Rc2 a4 36. bxa4 Re4 37. Rdc1 1/2-1/2

[Event "GrandPrix_30.05"]
[Site "Chess.com"]
[Date "2020.05.30"]
[Round "6"]
[White "Azatic"]
[Black "Khvicha_Supatashvili"]
[Result "0-1"]
[WhiteElo "2330"]
[BlackElo "2289"]
[TimeControl "600+2"]
[EndTime "10:55:35 PDT"]
[Termination "Khvicha_Supatashvili won on time"]

1. e4 c5 2. Nf3 Nc6 3. d4 cxd4 4.
Nxd4 Nf6 5. Nc3 d6 6. Bg5 e6 7. Qd2 Be7 8. O-O-O Nxd4 9. Qxd4 O-O 10. f3 a6 11. h4 b5 12. Kb1 Bb7 13. Bd3 Rc8 14.
h5 e5 15. Qf2 Ng4 16. Qh4 Bxg5 17. Qxg4 Rxc3 18. bxc3 Bc8 19. Qg3 Be6 20. h6 g6 21.
Kb2 Be3 22. a3 Qa5 23. Qe1 Qb6 24. Bf1 Bc5 25. Ra1 a5 26. Bd3 b4 27. axb4 axb4 28. c4 Bf2 29. Qd2 Bd4+ 30. Kb3 Bxa1 31. Rxa1 Qd4 32.
Qe1 Rc8 33. Ra2 Rxc4 0-1

[Event "GrandPrix_30.05"]
[Site "Chess.com"]
[Date "2020.05.30"]
[Round "6"]
[White "Firegrizzly"]
[Black "Kezin_Roman"]
[Result "1/2-1/2"]
[WhiteElo "2231"]
[BlackElo "2414"]
[TimeControl "600+2"]
[EndTime "10:55:37 PDT"]
[Termination "Game drawn - insufficient material"]

1. e4 c5 2. Nf3 e6 3. d4 cxd4 4. Nxd4 Nc6 5. Nc3 Qc7 6. Qd3 Nf6 7. Ndb5 Qb8 8. Qg3 d6 9. Be3 a6 10. Bb6 axb5 11. Nxb5 Ra4 12. O-O-O Nxe4 13. Qe3 Be7 14. Nc7+ Kf8 15. Bb5 Rb4 16. a3 Rxb5 17. Nxb5 d5 18. Bc7 Qa8 19. f3 Bg5 20. Bf4 Bxf4 21. Qxf4 Nf2 22.
Qd6+ Kg8 23. Qc7 Qb8 24. Qxb8 Nxb8 25. Nd6 Nxd1 26. Rxd1 Bd7 27. Nxb7 Kf8 28. c4 dxc4 29.
Na5 Ke7 30. Rd4 c3 31. b4 Rc8 32. Rc4 Rxc4 33. Nxc4 Bb5 34. Ne3 Ba4 35. Nd1 Bxd1 36. Kxd1 Kd6 37. Kc2 Kd5 38. Kxc3 Nd7 39. a4 Kc6 40. h4 h5 41. Kc4 Nb6+ 42. Kb3 Nd5 43. g4 hxg4 44. fxg4 Ne3 45. g5 g6 46. Kc3 Nf5 47.
Kc4 Nxh4 48. a5 Nf3 49. b5+ Kb7 50. Kc5 Ne5 51. a6+ Ka7 52. Kd6 Nc4+ 53. Kc5 Na5 54. Kb4 Kb6 55. a7 Kxa7 56. Kxa5 Kb7 57. Kb4 Kb6 58. Kc4 Kb7 59. Kc5 Kc7 60. Kb4 Kb6 61.
Kc4 Ka7 62. Kd4 Kb8 63. Ke5 Kb7 64. Kf6 Kb6 65. Kxf7 e5 66. Kxg6 e4 67. Kf7 e3 68.
g6 e2 69. g7 e1=Q 70. g8=Q Qf2+ 71. Ke7 Qe3+ 72. Qe6+ Qxe6+ 73. Kxe6 Kxb5 1/2-1/2